Unexpected 4v4 win
Match 35577465
End
Construct Barracks
Selects Advanced Infantry Battlegroup
Riflemen Squad
Riflemen Squad
Construct Weapon Support Center
M1919 Machine Gun Team
Selects Convert to Ranger Squad
Bazooka Squad
Air Support Center
Sniper
P-47 Strafing Run
M3 Armored Personnel Carrier
P-47 Dive Bomb
Grasshopper Recon Run
Selects Frontline Medical Station
Frontline Medical Station
P-47 Dive Bomb
Air Supply
Bazooka Squad
P-47 Strafing Run
Grasshopper Recon Run
P-47 Dive Bomb
Engineer Squad
P-47 Strafing Run
Construct Tank Depot
P-47 Dive Bomb
Selects Ranger Weapon Training
P-47 Strafing Run
Grasshopper Recon Run
P-47 Dive Bomb
M4(105) Sherman Bulldozer
Selects Ammunition Storage
Grasshopper Recon Run
P-47 Strafing Run
P-47 Dive Bomb
Improved M9 Bazooka Rockets
Selects M2A1 105mm Howitzer Emplacement
Bazooka Squad
P-47 Strafing Run
P-47 Dive Bomb
Grasshopper Recon Run
M18 Hellcat Tank Destroyer
Selects 155mm Rapid Artillery Barrage
P-47 Strafing Run
155mm Rapid Artillery Barrage
P-47 Dive Bomb
Grasshopper Recon Run
Sniper
Bazooka Squad
P-47 Strafing Run
P-47 Dive Bomb
Grasshopper Recon Run
Frontline Medical Station
P-47 Strafing Run
P-47 Dive Bomb
M18 Hellcat Tank Destroyer
P-47 Strafing Run
Grasshopper Recon Run
P-47 Strafing Run
Ranger Squad
M1918 Browning Automatic Rifles
Grasshopper Recon Run
155mm Rapid Artillery Barrage
Engineer Squad
P-47 Strafing Run
M4(105) Sherman Bulldozer
Grasshopper Recon Run
P-47 Dive Bomb
P-47 Strafing Run
M4A1 Sherman Medium Tank
P-47 Dive Bomb
P-47 Strafing Run
Grasshopper Recon Run
Engineer Squad
M18 Hellcat Tank Destroyer
P-47 Dive Bomb
P-47 Strafing Run
Grasshopper Recon Run
P-47 Strafing Run
Engineer Squad
ThomiG
Montoya
aiki_warrior
FOVR
[NOMAD] AndrewZ
Fenryx
Marsouin
ionwood
0
0
Comments sign in to comment!
No comments posted yet!